TOP OF THE 1ST |
Mississippi Braves batting - Pitching for Reading Fightin Phils : RHP Jeremy Trotter
|
Pitching: RHP Jeremy Trotter
|
|
Batting: RHB Luis Restrepo
|
0-0: Ball 1-0: Ground out 6-3 (Groundball, 6, EV 88.1 MPH)
|
Batting: RHB Zheng-ze King
|
0-0: Ball 1-0: Ball 2-0: Called Strike 2-1: Called Strike 2-2: SINGLE (Groundball, 56S, EV 66.2 MPH) (infield hit)
|
Batting: LHB Art D'Ascenzo
|
0-0: Called Strike 0-1: Ball Zheng-ze King steals 2nd base 1-1: Foul Ball, location: 2F 1-2: Ground out U3 (Groundball, 3, EV 87.5 MPH) Zheng-ze King to third
|
Batting: RHB Yojiro Hayashi
|
0-0: Ball 1-0: Ball 2-0: Ball 3-0: Base on Balls
|
Batting: LHB Sal Fernandez
|
0-0: Ball 1-0: Foul Ball, location: 2F 1-1: Ball 2-1: Ground out 4-3 (Groundball, 4M, EV 108.1 MPH)
|
Top of the 1st over - 0 runs, 1 hit, 0 errors, 2 left on base; Mississippi 0 - Reading 0 |
BOTTOM OF THE 1ST |
Reading Fightin Phils batting - Pitching for Mississippi Braves : RHP Andy Kiefer
|
Pitching: RHP Andy Kiefer
|
|
Batting: RHB Tony Perez
|
0-0: Ball 1-0: Ball 2-0: Ball 3-0: Called Strike 3-1: SINGLE (Line Drive, 7S, EV 108.1 MPH)
|
Batting: RHB Chris Myers
|
0-0: Ball 1-0: Ball 2-0: Ball Tony Perez steals 2nd base (no throw) 3-0: Called Strike 3-1: Swinging Strike 3-2: Strikes out looking
|
Batting: RHB Alan Weller
|
0-0: Called Strike 0-1: Called Strike 0-2: Ball 1-2: Ground out 4-3 (Groundball, 4, EV 108.1 MPH) Tony Perez to third
|
Batting: RHB Guan-pei Gao
|
0-0: Ball 1-0: Ground out U3 (Groundball, 34S, EV 80.6 MPH)
|
Bottom of the 1st over - 0 runs, 1 hit, 0 errors, 1 left on base; Mississippi 0 - Reading 0 |
TOP OF THE 2ND |
Mississippi Braves batting - Pitching for Reading Fightin Phils : RHP Jeremy Trotter
|
Batting: RHB Justin Reich
|
0-0: Ball 1-0: Ball 2-0: Ball 3-0: Base on Balls
|
Batting: SHB Jose Melendez
|
0-0: Called Strike 0-1: Fielders Choice at 2nd, 5-4 (Groundball, 56S, EV 81.9 MPH)
|
Batting: RHB Jose Ramos
|
0-0: Ball 1-0: Foul Ball, location: 2F 1-1: Foul Ball, location: 2F 1-2: Strikes out swinging
|
Batting: RHB Hieronim Rutkowski
|
0-0: Ball Jose Melendez is caught stealing 2nd base 2-4
|
Top of the 2nd over - 0 runs, 0 hits, 0 errors, 0 left on base; Mississippi 0 - Reading 0 |
BOTTOM OF THE 2ND |
Reading Fightin Phils batting - Pitching for Mississippi Braves : RHP Andy Kiefer
|
Batting: LHB Danny Zuniga
|
0-0: Ground out 4-3 (Groundball, 4, EV 84.4 MPH)
|
Batting: LHB Alex Fernandez
|
0-0: Called Strike 0-1: Foul Ball, location: 2F 0-2: Foul Ball, location: 2F 0-2: Ball 1-2: SINGLE (Groundball, 34D, EV 105.6 MPH)
|
Batting: LHB Doug Frampton
|
0-0: Ball 1-0: Fly out, F5 (Popup, 6, EV 65.0 MPH)
|
Batting: RHB Prabhukumar Santhanakrishnan
|
0-0: Ball 1-0: Called Strike 1-1: Swinging Strike 1-2: Strikes out swinging
|
Bottom of the 2nd over - 0 runs, 1 hit, 0 errors, 1 left on base; Mississippi 0 - Reading 0 |
TOP OF THE 3RD |
Mississippi Braves batting - Pitching for Reading Fightin Phils : RHP Jeremy Trotter
|
Batting: RHB Hieronim Rutkowski
|
0-0: Called Strike 0-1: Foul Ball, location: 2F 0-2: SINGLE (Groundball, 4MD, EV 98.1 MPH)
|
Batting: RHB Luis Restrepo
|
0-0: Called Strike Hieronim Rutkowski is caught stealing 2nd base 2-4 0-1: Ball 1-1: Ground out 6-3 (Groundball, 6, EV 91.2 MPH)
|
Batting: RHB Zheng-ze King
|
0-0: Ball 1-0: Ball 2-0: Called Strike 2-1: Called Strike 2-2: Ball 3-2: Foul Ball, location: 2F 3-2: SINGLE (Flyball, 3D, EV 85.0 MPH)
|
Batting: LHB Art D'Ascenzo
|
0-0: Ball 1-0: Ball 2-0: 2-RUN HOME RUN (Flyball, 9LD, EV 93.8 MPH), Distance : 341 ft
|
Batting: RHB Yojiro Hayashi
|
0-0: Ball 1-0: Ball 2-0: SINGLE (Line Drive, 56, EV 98.8 MPH)
|
Batting: LHB Sal Fernandez
|
0-0: Called Strike 0-1: Ball 1-1: Called Strike 1-2: Foul Ball, location: 2F 1-2: Strikes out looking
|
Top of the 3rd over - 2 runs, 4 hits, 0 errors, 1 left on base; Mississippi 2 - Reading 0 |
BOTTOM OF THE 3RD |
Reading Fightin Phils batting - Pitching for Mississippi Braves : RHP Andy Kiefer
|
Batting: RHB Danny Habermehl
|
0-0: Called Strike 0-1: Foul Ball, location: 2F 0-2: Ball 1-2: Ball 2-2: Ball 3-2: Base on Balls
|
Batting: RHB Tony Perez
|
0-0: Ball 1-0: Ball 2-0: Foul Ball, location: 2F 2-1: Fielders Choice at 2nd, 4-6 (Groundball, 4, EV 84.4 MPH)
|
Batting: RHB Chris Myers
|
0-0: Ball 1-0: Called Strike Balk! Tony Perez to second 1-1: Foul Ball, location: 2F 1-2: Foul Ball, location: 2F 1-2: Ball 2-2: Ball 3-2: Ground out U3 (Groundball, 3S, EV 76.2 MPH) Tony Perez to third
|
Batting: RHB Alan Weller
|
0-0: Foul Ball, location: 2F 0-1: Fly out, F8 (Line Drive, 8RD, EV 86.9 MPH)
|
Bottom of the 3rd over - 0 runs, 0 hits, 0 errors, 1 left on base; Mississippi 2 - Reading 0 |
TOP OF THE 4TH |
Mississippi Braves batting - Pitching for Reading Fightin Phils : RHP Jeremy Trotter
|
Batting: RHB Justin Reich
|
0-0: Ball 1-0: Ball 2-0: Called Strike 2-1: Ball 3-1: Base on Balls
|
Batting: SHB Jose Melendez
|
0-0: Ball 1-0: Foul Ball, location: 2F 1-1: DOUBLE (Groundball, 5L, EV 95.0 MPH) Justin Reich to third
|
Batting: RHB Jose Ramos
|
0-0: Called Strike 0-1: Called Strike 0-2: Fly out, F8 (Flyball, 8LD, EV 99.4 MPH) Runner from 3rd tags up, SCORES, throw by CF Jose Melendez to third
|
Batting: RHB Hieronim Rutkowski
|
0-0: SINGLE (Groundball, 56D, EV 101.2 MPH) Jose Melendez scores
|
Batting: RHB Luis Restrepo
|
0-0: Called Strike 0-1: Ball 1-1: Ball Hieronim Rutkowski steals 2nd base 2-1: Swinging Strike 2-2: SINGLE (Groundball, 6MD, EV 102.5 MPH) Hieronim Rutkowski to third Runner from 3rd tries for Home, SAFE, throw by CF to home
|
Pitching: RHP Jonathan Beishline
|
|
Batting: RHB Zheng-ze King
|
0-0: Ball 1-0: Fly out, F7 (Flyball, 7D, EV 103.1 MPH)
|
Batting: LHB Art D'Ascenzo
|
0-0: Ball 1-0: Ball 2-0: Called Strike 2-1: Called Strike 2-2: SINGLE (Groundball, 56, EV 105.6 MPH) Luis Restrepo to second Runner from 2nd tries for 3rd, SAFE, throw by LF made to third
|
Batting: RHB Yojiro Hayashi
|
0-0: Ball 1-0: Called Strike 1-1: DOUBLE (Line Drive, 78D, EV 109.4 MPH) Luis Restrepo scores Art D'Ascenzo to third
|
Batting: LHB Sal Fernandez
|
0-0: Ball 1-0: Foul Ball, location: 2F 1-1: Called Strike 1-2: Foul Ball, location: 2F 1-2: Fly out, F8 (Flyball, 78S, EV 90.0 MPH)
|
Top of the 4th over - 4 runs, 5 hits, 0 errors, 2 left on base; Mississippi 6 - Reading 0 |
BOTTOM OF THE 4TH |
Reading Fightin Phils batting - Pitching for Mississippi Braves : RHP Andy Kiefer
|
Batting: RHB Guan-pei Gao
|
0-0: Foul Ball, location: 2F 0-1: Ball 1-1: Fly out, F9 (Flyball, 9LM, EV 92.5 MPH)
|
Batting: LHB Danny Zuniga
|
0-0: Called Strike 0-1: Foul Ball, location: 2F 0-2: Strikes out looking
|
Batting: LHB Alex Fernandez
|
0-0: Foul Ball, location: 2F 0-1: Foul Ball, location: 2F 0-2: Strikes out swinging
|
Bottom of the 4th over - 0 runs, 0 hits, 0 errors, 0 left on base; Mississippi 6 - Reading 0 |
TOP OF THE 5TH |
Mississippi Braves batting - Pitching for Reading Fightin Phils : RHP Jonathan Beishline
|
Batting: RHB Justin Reich
|
0-0: Ball 1-0: Swinging Strike 1-1: Foul Ball, location: 2F 1-2: Ball 2-2: Strikes out swinging
|
Batting: SHB Jose Melendez
|
0-0: Called Strike 0-1: Foul Ball, location: 2F 0-2: Ball 1-2: Foul Ball, location: 2F 1-2: Foul Ball, location: 2F 1-2: Foul Ball, location: 2F 1-2: Fly out, F8 (Flyball, 78M, EV 81.2 MPH)
|
Batting: RHB Jose Ramos
|
0-0: Foul Ball, location: 2F 0-1: Ground out 3-1 (Groundball, 34, EV 87.5 MPH)
|
Top of the 5th over - 0 runs, 0 hits, 0 errors, 0 left on base; Mississippi 6 - Reading 0 |
BOTTOM OF THE 5TH |
Reading Fightin Phils batting - Pitching for Mississippi Braves : RHP Andy Kiefer
|
Batting: LHB Doug Frampton
|
0-0: Ball 1-0: Foul Ball, location: 2F 1-1: Called Strike 1-2: Strikes out swinging
|
Batting: RHB Prabhukumar Santhanakrishnan
|
0-0: Called Strike 0-1: SINGLE (Groundball, 6MD, EV 100.6 MPH)
|
Batting: RHB Danny Habermehl
|
0-0: Called Strike 0-1: Ball 1-1: Swinging Strike 1-2: Grounds into double play, 5-4-3 (Groundball, 56, EV 90.0 MPH)
|
Bottom of the 5th over - 0 runs, 1 hit, 0 errors, 0 left on base; Mississippi 6 - Reading 0 |
TOP OF THE 6TH |
Mississippi Braves batting - Pitching for Reading Fightin Phils : RHP Jonathan Beishline
|
Batting: RHB Hieronim Rutkowski
|
0-0: Ball 1-0: Called Strike 1-1: Ball 2-1: SINGLE (Line Drive, 56D, EV 105.0 MPH)
|
Batting: RHB Luis Restrepo
|
0-0: Called Strike Hieronim Rutkowski steals 2nd base 0-1: Ball 1-1: SINGLE (Groundball, 4D, EV 103.1 MPH) Hieronim Rutkowski to third Runner from 3rd tries for Home, throw by RF and OUT! 9-2 Luis Restrepo to second
|
Batting: RHB Zheng-ze King
|
0-0: Called Strike 0-1: Ball 1-1: Fly out, F3 (Popup, 3S, EV 73.1 MPH)
|
Batting: LHB Art D'Ascenzo
|
0-0: Ground out 4-3 (Groundball, 4, EV 101.9 MPH)
|
Top of the 6th over - 0 runs, 2 hits, 0 errors, 1 left on base; Mississippi 6 - Reading 0 |
BOTTOM OF THE 6TH |
Reading Fightin Phils batting - Pitching for Mississippi Braves : RHP Andy Kiefer
|
Batting: RHB Tony Perez
|
0-0: Ball 1-0: Ball 2-0: Ball 3-0: Base on Balls
|
Batting: RHB Chris Myers
|
0-0: Ball 1-0: Ball Tony Perez steals 2nd base 2-0: Ball 3-0: Called Strike 3-1: Called Strike 3-2: Base on Balls
|
Batting: RHB Alan Weller
|
0-0: Called Strike 0-1: Fielders Choice at 2nd, 6-4 (Groundball, 6, EV 84.4 MPH) Tony Perez to third
|
Batting: RHB Guan-pei Gao
|
0-0: Ball 1-0: Swinging Strike 1-1: Foul Ball, location: 2F 1-2: Ball 2-2: Grounds into double play, 5-4-3 (Groundball, 56, EV 96.2 MPH)
|
Bottom of the 6th over - 0 runs, 0 hits, 0 errors, 1 left on base; Mississippi 6 - Reading 0 |
TOP OF THE 7TH |
Mississippi Braves batting - Pitching for Reading Fightin Phils : RHP Jonathan Beishline
|
Batting: RHB Yojiro Hayashi
|
0-0: Ball 1-0: Ball 2-0: Ball 3-0: Called Strike 3-1: Base on Balls
|
Batting: LHB Sal Fernandez
|
0-0: Ball 1-0: SINGLE (Groundball, 15S, EV 72.5 MPH) (infield hit) Yojiro Hayashi to second
|
Batting: RHB Justin Reich
|
0-0: Called Strike 0-1: Fly out, F4 (Popup, 13S, EV 77.5 MPH)
|
Batting: SHB Jose Melendez
|
0-0: Ball 1-0: Foul Ball, location: 2F 1-1: Foul Ball, location: 2F 1-2: Foul Ball, location: 2F 1-2: Ball 2-2: Foul Ball, location: 2F 2-2: Foul Ball, location: 2F 2-2: Fielders Choice at 2nd, 5-4 (Groundball, 56, EV 91.9 MPH) Yojiro Hayashi to third
|
Pitching: LHP Eddie San Miguel
|
|
Batting: RHB Jose Ramos
|
0-0: Foul Ball, location: 2F 0-1: Ball 1-1: Foul Ball, location: 2F 1-2: Ball 2-2: Strikes out swinging
|
Top of the 7th over - 0 runs, 1 hit, 0 errors, 2 left on base; Mississippi 6 - Reading 0 |
BOTTOM OF THE 7TH |
Reading Fightin Phils batting - Pitching for Mississippi Braves : RHP Andy Kiefer
|
Pitching: RHP Alfredo Leiva
|
|
Batting: LHB Danny Zuniga
|
0-0: Swinging Strike 0-1: Swinging Strike 0-2: Strikes out looking
|
Batting: LHB Alex Fernandez
|
0-0: Ball 1-0: Foul Ball, location: 2F 1-1: Swinging Strike 1-2: SINGLE (Line Drive, 56, EV 96.9 MPH)
|
Batting: LHB Doug Frampton
|
0-0: Ball 1-0: Called Strike 1-1: Ball 2-1: Ball 3-1: Base on Balls Alex Fernandez to second
|
Batting: RHB Prabhukumar Santhanakrishnan
|
0-0: Ball 1-0: Ball 2-0: Ball 3-0: Base on Balls Alex Fernandez to third Doug Frampton to second
|
Batting: RHB Danny Habermehl
|
0-0: Foul Ball, location: 2F 0-1: Foul Ball, location: 2F 0-2: Ball 1-2: Ball 2-2: Fly out, F9 (Flyball, 89M, EV 85.6 MPH)
|
Batting: RHB Tony Perez
|
0-0: Foul Ball, location: 2F 0-1: Ball 1-1: Fly out, F4 (Popup, 23, EV 80.0 MPH)
|
Bottom of the 7th over - 0 runs, 1 hit, 0 errors, 3 left on base; Mississippi 6 - Reading 0 |
TOP OF THE 8TH |
Mississippi Braves batting - Pitching for Reading Fightin Phils : LHP Eddie San Miguel
|
Batting: RHB Hieronim Rutkowski
|
0-0: Ball 1-0: Ball 2-0: Called Strike 2-1: Foul Ball, location: 2F 2-2: SINGLE (Line Drive, 6D, EV 98.8 MPH)
|
Batting: RHB Luis Restrepo
|
0-0: Ball 1-0: Called Strike 1-1: Ball 2-1: Ball 3-1: Foul Ball, location: 2F 3-2: Ground out 6-3 (Groundball, 56D, EV 90.6 MPH) Hieronim Rutkowski to second
|
Batting: RHB Zheng-ze King
|
0-0: Ball 1-0: Ball 2-0: Ball 3-0: Called Strike 3-1: Base on Balls
|
Batting: LHB Art D'Ascenzo
|
0-0: Ball Hieronim Rutkowski steals 3rd base Zheng-ze King to second 1-0: Ball 2-0: Called Strike 2-1: Swinging Strike 2-2: Strikes out swinging
|
Batting: RHB Yojiro Hayashi
|
0-0: Ball 1-0: Called Strike 1-1: Swinging Strike 1-2: Ball 2-2: Ball 3-2: Base on Balls
|
Batting: LHB Sal Fernandez
|
0-0: Swinging Strike 0-1: Ball 1-1: Foul Ball, location: 2F 1-2: Ball 2-2: Ball 3-2: Strikes out swinging
|
Top of the 8th over - 0 runs, 1 hit, 0 errors, 3 left on base; Mississippi 6 - Reading 0 |
BOTTOM OF THE 8TH |
Reading Fightin Phils batting - Pitching for Mississippi Braves : RHP Alfredo Leiva
|
Batting: RHB Chris Myers
|
0-0: Called Strike 0-1: Ball 1-1: Ball 2-1: Foul Ball, location: 2F 2-2: Fly out, F8 (Flyball, 78M, EV 91.9 MPH)
|
Batting: RHB Alan Weller
|
0-0: Called Strike 0-1: Ball 1-1: Foul Ball, location: 2F 1-2: Foul Ball, location: 2F 1-2: Foul Ball, location: 2F 1-2: Foul Ball, location: 2F 1-2: Strikes out looking
|
Batting: RHB Guan-pei Gao
|
0-0: Ball 1-0: Ball 2-0: Foul Ball, location: 2F 2-1: Swinging Strike 2-2: Ball 3-2: Foul Ball, location: 2F 3-2: Strikes out swinging
|
Bottom of the 8th over - 0 runs, 0 hits, 0 errors, 0 left on base; Mississippi 6 - Reading 0 |
TOP OF THE 9TH |
Mississippi Braves batting - Pitching for Reading Fightin Phils : LHP Eddie San Miguel
|
Batting: RHB Justin Reich
|
0-0: Ball 1-0: Foul Ball, location: 2F 1-1: Ground out 3-1 (Groundball, 34S, EV 73.1 MPH)
|
Batting: SHB Jose Melendez
|
0-0: Called Strike 0-1: Ground out 6-3 (Groundball, 6, EV 103.8 MPH)
|
Batting: RHB Jose Ramos
|
0-0: Called Strike 0-1: SINGLE (Groundball, 34, EV 103.8 MPH)
|
Batting: RHB Hieronim Rutkowski
|
0-0: Ball 1-0: Foul Ball, location: 2F 1-1: SINGLE (Groundball, 6M, EV 98.1 MPH) Jose Ramos to second Runner from 2nd tries for 3rd, SAFE, throw by CF made to third
|
Batting: RHB Luis Restrepo
|
0-0: Called Strike 0-1: Foul Ball, location: 2F 0-2: Foul Ball, location: 2F 0-2: Foul Ball, location: 2F 0-2: Strikes out swinging
|
Top of the 9th over - 0 runs, 2 hits, 0 errors, 2 left on base; Mississippi 6 - Reading 0 |
BOTTOM OF THE 9TH |
Reading Fightin Phils batting - Pitching for Mississippi Braves : RHP Alfredo Leiva
|
Pitching: RHP Frank Diaz
|
|
Batting: LHB Danny Zuniga
|
0-0: Ball 1-0: Ball 2-0: Called Strike 2-1: Ground out 4-3 (Groundball, 13, EV 78.8 MPH)
|
Batting: LHB Alex Fernandez
|
0-0: Ball 1-0: Ground out 4-3 (Groundball, 4, EV 81.9 MPH)
|
Batting: LHB Doug Frampton
|
0-0: Fly out, F9 (Flyball, 9D, EV 108.8 MPH)
|
Bottom of the 9th over - 0 runs, 0 hits, 0 errors, 0 left on base; Mississippi 6 - Reading 0 |
|